 Dungeon Sprint DCSS version 0.27.1 (webtiles) character file.

Game seed: 8122137096188136877

6857 styxcanada the Imperceptible (level 10, -4/56 HPs)
             Began as a Spriggan Brigand on Sept 2, 2021.
             Was an Initiate of Gozag.
             Succumbed to poison (dark miasma)
             ... in the Dungeon (Sprint III: "The Ten Rune Challenge").
             The game lasted 00:12:58 (2764 turns).

styxcanada the Imperceptible (Spriggan Brigand)     Turns: 2764, Time: 00:12:59

Health: -4/56      AC:  3    Str:  7    XL:     10   Next: 78%
Magic:  25/25      EV: 26    Int: 13    God:    Gozag
Gold:   1651       SH:  0    Dex: 20    Spells: 27/30 levels left

rFire    . . .     SeeInvis +   a - +2 dagger
rCold    . . .     Faith    .   (shield restricted)
rNeg     . . .     Spirit   .   l - +0 robe {Will+}
rPois    .         Reflect  .   (helmet restricted)
rElec    .         Harm     .   c - +0 cloak
rCorr    .         Rampage  .   (gloves unavailable)
Will     ++...     NoTele   +   (boots unavailable)
Stlth    +++++++++.             (no amulet)
HPRegen  0.18/turn              (no ring)
MPRegen  0.19/turn              (no ring)

@: lethally poisoned (-4 -> -44), slowed, quick
A: very small, no large weapons, unfitting armour, see invisible, speed 3,
hooves 1, wild magic 1
a: Renounce Religion, Potion Petition, Call Merchant, Bribe Branch


You were in the Dungeon.
You worshipped Gozag.
Gozag was most pleased with you.
You visited 1 branch You collected 1651 gold pieces.

Inventory:

Hand Weapons
 a - a +2 dagger (weapon)
 b - a +0 hunting sling
 r - a +0 long sword of holy wrath
Missiles
 d - 7 poisoned darts (quivered)
 e - 9 curare-tipped darts
Armour
 c - a +0 cloak (worn)
 l - a +0 robe of willpower (worn)
Scrolls
 k - a scroll of blinking
 q - a scroll of immolation {unknown}
Potions
 f - 3 potions of curing
 h - a potion of haste
 i - 2 potions of magic
 j - 2 potions of berserk rage
 o - 4 potions of flight
 p - 2 potions of mutation
 s - a potion of might


   Skills:
 * Level 7.7 Fighting
 + Level 8.4 Short Blades
 + Level 6.4 Throwing
 * Level 11.2 Dodging
 * Level 23.8 Stealth
 * Level 10.6 Spellcasting
 * Level 9.5 Hexes
 + Level 1.6 Ice Magic


You had 27 spell levels left.
You knew the following spells:

 Your Spells              Type           Power      Damage    Failure   Level
a - Corona                Hex            45%        N/A       1%          1
b - Ensorcelled Hibernat  Hex/Ice        54%        N/A       3%          2

Your spell library contained the following spells:

 Spells                   Type           Power      Damage    Failure   Level
 Tukima's Dance           Hex            41%        N/A       1%          3


Dungeon Overview and Level Annotations

Branches:
Dungeon (1/1)

Altars:
Cheibriados
Dithmenos
Elyvilon
Fedhas
Gozag
Hepliaklqana
Kikubaaqudgha
Makhleb
Nemelex Xobeh
Okawaru
Qazlal
Ru
Sif Muna
Trog
Uskayaw
Vehumet
Wu Jian
Xom
Yredelemnul
Zin
The Shining One
Beogh
Jiyva
Lugonu


Innate Abilities, Weirdness & Mutations

You are very small and have problems with some larger weapons.
You are too small for most types of armour.
You have supernaturally acute eyesight. (SInv)
You cover ground extremely quickly. (Speed+++)
You have large cloven feet.
Your spells are a little harder to cast, but a little more powerful.


Message History

You start waiting.
Done waiting.
Found 54 gold pieces.
There is an open door here.
Found 54 gold pieces.
You now have 1651 gold pieces (gained 54).
Things that are here:
a +0 hand axe; a +0 chain mail You are engulfed in dark miasma.
You are poisoned.
You feel very sick.
You are engulfed in dark miasma.
You are more poisoned.
You feel very sick.
You are engulfed in dark miasma.
You are lethally poisoned!
You feel very sick.
You feel very sick.
Really walk into that cloud of foul pestilence? [Y]es or [N]o only, please.
Really walk into that cloud of foul pestilence?
Okay, then.
There is a lethal amount of poison in your body!
You feel extremely sick.
You feel very sick.
* * * LOW HITPOINT WARNING * * *
You feel very sick.
You feel much better.
You feel very sick.
You start resting.
You feel very sick.
You feel sick. x7
You are engulfed in dark miasma.
You are lethally poisoned!
You feel yourself slow down.
* * * LOW HITPOINT WARNING * * *
You feel extremely sick.
You are engulfed in dark miasma.
You are more poisoned.
* * * LOW HITPOINT WARNING * * *
You die...
Your body crumbles into a pile of gold.

#§§☼..#
c§≈≈
#§○...#
#≈§
#§§○..# c≈
#☼#####☼§☼
#§☼☼§§☼○§○
#§########
#§#$ #§#
#@# $ $
#.# $ $
#.# $ $
#.# $ $
#.# $ $
#.# #..
###


There were no monsters in sight!

Vanquished Creatures
  Sigmund (D)
  Josephine (D)
  A centaur warrior (D)
  A deep elf pyromancer (D)
  Edmund (D)
  An unseen horror (D)
  A shadow (D)
  A spatial vortex (D)
  A necrophage (D)
  2 centaurs (D)
  An earth elemental (D)
  A water elemental (D)
  A wandering mushroom (D)
  2 orc priests (D)
  A jelly (D)
  Jessica (D)
  A wizard (D)
  A necromancer (D)
  3 humans (D)
  A kobold demonologist (D)
  A phantom (D)
  3 rats (D)
28 creatures vanquished.

Vanquished Creatures (others)
  2 orc high priests (D)
  A wandering mushroom (D)
  8 plants (D)
11 creatures vanquished.

Grand Total: 39 creatures vanquished

Notes
Turn   | Place    | Note
-------+----------+-------------------------------------------
     0 | D        | styxcanada the Spriggan Brigand began the quest for the
                  | Orb.
     0 | D        | Reached XP level 1. HP: 10/10 MP: 2/2
     5 | D        | Reached skill level 6 in Stealth
    39 | D        | Noticed Jessica
    44 | D        | Killed Jessica
    45 | D        | Reached skill level 9 in Stealth
    45 | D        | Reached XP level 2. HP: 13/15 MP: 3/3
   101 | D        | Reached skill level 10 in Stealth
   101 | D        | Reached XP level 3. HP: 19/19 MP: 4/4
   177 | D        | Gained mutation: You sometimes lose the ability to read
                  | scrolls when taking damage. [potion of mutation]
   177 | D        | Gained mutation: You are weak. (Str -2) [potion of
                  | mutation]
   179 | D        | Lost mutation: You are weak. (Str -2) [potion of mutation]
   179 | D        | Lost mutation: You sometimes lose the ability to read
                  | scrolls when taking damage. [potion of mutation]
   179 | D        | Gained mutation: You have large cloven feet. [potion of
                  | mutation]
   179 | D        | Gained mutation: Your spells are a little harder to cast,
                  | but a little more powerful. [potion of mutation]
   181 | D        | Noticed a water elemental
   183 | D        | Killed a water elemental
   184 | D        | Reached skill level 12 in Stealth
   184 | D        | Reached XP level 4. HP: 23/23 MP: 5/5
   194 | D        | Noticed a shadow
   196 | D        | Killed a shadow
   197 | D        | Reached skill level 5 in Dodging
   197 | D        | Reached skill level 15 in Stealth
   197 | D        | Reached XP level 5. HP: 28/28 MP: 6/6
   201 | D        | Reached XP level 6. HP: 33/33 MP: 7/7
   203 | D        | Found a blossoming altar of Fedhas.
   203 | D        | Found a stormy altar of Qazlal.
   203 | D        | Noticed a spatial vortex
   204 | D        | Found a snail-covered altar of Cheibriados.
   204 | D        | Found a burning altar of Makhleb.
   204 | D        | Found a hazy altar of Hepliaklqana.
   204 | D        | Found a shimmering altar of Xom.
   204 | D        | Found an opulent altar of Gozag.
   204 | D        | Found a sparkling altar of Nemelex Xobeh.
   204 | D        | Found a corrupted altar of Lugonu.
   204 | D        | Found a viscous altar of Jiyva.
   208 | D        | Became a worshipper of Gozag Ym Sagoz the Greedy
   213 | D        | Killed a spatial vortex
   214 | D        | Reached skill level 17 in Stealth
   229 | D        | Found a radiant altar of Vehumet.
   229 | D        | Found a shimmering blue altar of Sif Muna.
   229 | D        | Found an ancient bone altar of Kikubaaqudgha.
   240 | D        | Learned a level 1 spell: Corona
   243 | D        | Learned a level 2 spell: Ensorcelled Hibernation
   252 | D        | Found a glowing silver altar of Zin.
   252 | D        | Found a glowing golden altar of the Shining One.
   252 | D        | Found a white marble altar of Elyvilon.
   253 | D        | Noticed a deep elf pyromancer
   255 | D        | Killed a deep elf pyromancer
   256 | D        | Reached skill level 19 in Stealth
   256 | D        | Reached XP level 7. HP: 38/38 MP: 7/12
   298 | D        | Found a hide-covered altar of Uskayaw.
   298 | D        | Found an iron altar of Okawaru.
   298 | D        | Found a bloodstained altar of Trog.
   298 | D        | Found an ornate altar of the Wu Jian Council.
   298 | D        | Noticed a human
   299 | D        | Noticed a human
   301 | D        | Killed a human
   302 | D        | Reached skill level 5 in Short Blades
   302 | D        | Reached skill level 5 in Throwing
   302 | D        | Reached XP level 8. HP: 42/42 MP: 12/14
   303 | D        | Reached skill level 20 in Stealth
   319 | D        | Found a basalt altar of Yredelemnul.
   319 | D        | Found a shadowy altar of Dithmenos.
   319 | D        | Found a sacrificial altar of Ru.
   369 | D        | Reached skill level 5 in Fighting
   422 | D        | Noticed Josephine
   425 | D        | Killed Josephine
   426 | D        | Reached skill level 21 in Stealth
   426 | D        | Reached skill level 5 in Spellcasting
   426 | D        | Reached skill level 5 in Hexes
   426 | D        | Reached XP level 9. HP: 47/47 MP: 14/17
   456 | D        | Noticed a centaur warrior
   459 | D        | Killed a centaur warrior
   460 | D        | Reached skill level 22 in Stealth
   476 | D        | Noticed an unseen horror
   478 | D        | Killed an unseen horror
   479 | D        | Reached skill level 23 in Stealth
   484 | D        | Noticed a wandering mushroom
   489 | D        | Noticed a wandering mushroom
   491 | D        | Noticed a wandering mushroom
  1701 | D        | Noticed Sigmund
  1701 | D        | Noticed Edmund
  1722 | D        | Killed Sigmund
  1723 | D        | Reached skill level 10 in Spellcasting
  1723 | D        | Reached skill level 1 in Ice Magic
  1723 | D        | Reached XP level 10. HP: 12/56 MP: 11/25
  1725 | D        | Killed Edmund
  2130 | D        | Noticed an orange demon
  2134 | D        | Noticed a yaktaur captain
  2134 | D        | Noticed a yaktaur captain
  2764 | D        | Succumbed to poison (dark miasma)

Illustrated notes

Levels and vault maps discovered:
D:        dungeon_sprint_mu [sprint_mu_entry_forest, sprint_mu_temple_rooms,
          sprint_mu_d1_horrors, sprint_mu_d2_genie, sprint_mu_d3_branching,
          sprint_mu_orc_legion, sprint_mu_elf_gauntlet, sprint_mu_hive_nellie,
          sprint_mu_lair_fedhas, sprint_mu_vaults_butterflies,
          sprint_mu_slime_circle, sprint_mu_shoals_kraken,
          sprint_mu_snake_twists, sprint_mu_blade_basic,
          sprint_mu_crypt_chambers, sprint_mu_tomb_spiral,
          sprint_mu_vestibule_basic, sprint_mu_gehenna_hellfire,
          sprint_mu_dis_giant, sprint_mu_tartarus_statrot,
          sprint_mu_cocytus_islands, sprint_mu_zot1]

Skill      XL: |  1  2  3  4  5  6  7  8  9 |
---------------+----------------------------+-----
Stealth        | 9 10 12 15 19 21 23 | 23.8
Fighting       | 2 3 4 5 7 |  7.7
Dodging        | 2 3 4 5 7 8 11 | 11.2
Short Blades   | 3 4 5 6 8 |  8.4
Throwing       | 3 4 5 6 |  6.4
Spellcasting   | 3 5 10 | 10.6
Hexes          | 3 5 9 |  9.5
Ice Magic      | 1 |  1.6

Action                   |  1- 3 |  4- 6 |  7- 9 | 10-12 || total
-------------------------+-------+-------+-------+-------++-------
Melee: Dagger            |    14 |     6 |   118 |     8 ||   146
       Kick              |       |       |    52 |     2 ||    54
Throw: Dart              |     9 |       |     9 |       ||    18
 Cast: Corona            |       |       |    10 |       ||    10
       Ensorcelled Hiber |       |       |     4 |     4 ||     8
  Use: Potion            |     2 |       |       |     1 ||     3
       Scroll            |     1 |       |       |     2 ||     3
 Stab: Sleeping          |     4 |     6 |     9 |     3 ||    22
Armor: Robe              |     2 |       |     1 |       ||     3
Dodge: Dodged            |     5 |       |    72 |     3 ||    80
